 Dungeon Crawl Stone Soup version 0.25-a0-591-g2ad0d86 (webtiles) character file.

Game seed: 6159700449857702358, levelgen mode: deterministic

41401 Auros the Geomancer (level 14, -5/83 HPs)
             Began as a Gargoyle Earth Elementalist on Mar 11, 2020.
             Was the Champion of Okawaru.
             Killed from afar by a fire dragon (62 damage)
             ... with a blast of flame
             ... on level 6 of the Lair of Beasts on Mar 14, 2020.
             The game lasted 03:09:51 (25569 turns).

Auros the Geomancer (Gargoyle Earth Elementalist)  Turns: 25569, Time: 03:09:51

Health: -5/83      AC: 23    Str: 11    XL:     14   Next: 15%
Magic:  12/26      EV: 13    Int: 22    God:    Okawaru [******]
Gold:   955        SH: 10    Dex: 15    Spells: 5/29 levels left

rFire    . . .     SeeInvis +   F - +0 flail
rCold    + . .     Gourm    .   Y - +2 buckler of Hentorug {rElec Regen+ Str-4 Dex+5}
rNeg     + . .     Faith    .   C - +0 steam dragon scales
rPois    ∞         Spirit   .   M - +1 helmet {SInv}
rElec    +         Reflect  +   L - +1 cloak {MR+}
rCorr    .         Harm     .   E - +0 pair of gloves
MR       ++...     Clarity  +   x - +1 pair of boots of Weightlessness {+Blink rElec rPois Int-4}
Stlth    ++........             S - +2 amulet of reflection
HPRegen  0.63/turn              B - ring of protection from cold
MPRegen  0.20/turn              G - ring "Sesyobb" {rPois Int+6}

@: flying, studying Bows
A: big wings, clarity, negative energy resistance 1, electricity resistance,
strong 1, unbreathing, petrification resistance, rot immunity, AC +10
a: Stop Flying, Heroism, Finesse, Renounce Religion, Evoke Blink


You were on level 6 of the Lair of Beasts.
You worshipped Okawaru.
Okawaru was exalted by your worship.
You were hungry.

You visited 2 branches of the dungeon, and saw 13 of its levels.
You also visited: Sewer.

You collected 955 gold pieces.

Inventory:

Hand Weapons
 F - a +0 flail (weapon)
Missiles
 f - 155 arrows
 r - 6 curare-tipped darts (quivered)
 Z - 358 stones
Armour
 u - the +1 cloak "Hyeno" {rN+ rCorr Int+2}
   (You found it on level 4 of the Dungeon)

   It affects your intelligence (+2).
   It protects you from negative energy.
   It provides partial protection from all sources of acid and corrosion.
 x - the +1 pair of boots of Weightlessness (worn) {+Blink rElec rPois Int-4}
   (You found it on level 6 of the Lair of Beasts)

   It affects your intelligence (-4).
   It insulates you from electricity.
   It protects you from poison.
   It lets you blink.
 C - +0 steam dragon scales (worn)
 E - a +0 pair of gloves (worn)
 L - a +1 cloak of magic resistance (worn)
 M - a +1 helmet of see invisible (worn)
 V - a +1 crystal plate armour
 Y - the +2 buckler of Hentorug (worn) {rElec Regen+ Str-4 Dex+5}
   (You found it on level 4 of the Lair of Beasts)

   It affects your strength (-4).
   It affects your dexterity (+5).
   It insulates you from electricity.
   It increases your rate of regeneration.
Jewellery
 B - a ring of protection from cold (left hand)
 G - the ring "Sesyobb" (right hand) {rPois Int+6}
   (You found it on level 7 of the Dungeon)

   [ring of poison resistance]

   It affects your intelligence (+6).
   It protects you from poison.
 S - a +2 amulet of reflection (around neck)
 U - the amulet "Hotalar" {Spirit Stlth+}
   (You found it on level 3 of the Lair of Beasts)

   [amulet of guardian spirit]

   It causes incoming damage to be split between your health and magic.
   It makes you more stealthy.
Wands
 e - a wand of clouds (3)
 v - a wand of iceblast (24)
 y - a wand of acid (19)
 D - a wand of flame (33)
 K - a wand of polymorph (4)
 N - a wand of enslavement (6)
Scrolls
 a - a scroll of magic mapping
 c - 8 scrolls of remove curse
 g - a scroll of immolation
 i - 2 scrolls of identify
 k - 2 scrolls of blinking
 n - 3 scrolls of amnesia
 o - a scroll of vulnerability {unknown}
 t - 5 scrolls of teleportation
 A - 2 scrolls of enchant weapon
 H - 3 scrolls of enchant armour
 R - a scroll of summoning {unknown}
 T - a scroll of fog {unknown}
Potions
 d - 3 potions of mutation
 h - 4 potions of curing
 p - 4 potions of heal wounds
 q - 4 potions of cancellation
 s - a potion of might
 w - a potion of magic
 I - 3 potions of haste
 J - a potion of stabbing {unknown}
 O - a potion of brilliance {unknown}
 P - 2 potions of berserk rage
 Q - a potion of flight {unknown}
 W - a potion of invisibility {unknown}
Books
 m - a manual of Bows
Comestibles
 z - 18 rations


   Skills:
 - Level 7.8 Fighting
 - Level 9.0 Maces & Flails
 - Level 3.0 Armour
 - Level 3.0 Dodging
 - Level 2.2 Stealth
 + Level 7.0 Shields
 + Level 4.3 Unarmed Combat
 - Level 8.0 Spellcasting
 - Level 10.3 Conjurations
 - Level 4.0 Necromancy
 + Level 6.5 Transmutations
 - Level 12.7 Earth Magic
 - Level 3.0 Invocations
 + Level 3.9 Evocations


You had 5 spell levels left.
You knew the following spells:

 Your Spells              Type           Power        Failure   Level  Hunger
a - Sandblast             Erth           ######       1%          1    None
b - Stone Arrow           Conj/Erth      ######       1%          3    None
c - Petrify               Tmut/Erth      ######..     1%          4    ###....
d - Lee's Rapid Deconstr  Erth           ######....   1%          5    #####..
e - Animate Skeleton      Necr           N/A          1%          1    None
f - Borgnjor's Vile Clut  Necr/Erth      #####.....   6%          5    #####..
g - Blade Hands           Tmut           #####.....   14%         5    #####..

Your spell library contained the following spells:

 Spells                   Type           Power        Failure   Level  Hunger
 Beastly Appendage        Tmut           #####.       1%          1    None
 Pain                     Necr           ####         1%          1    None
 Sting                    Tmut/Pois      ###.         1%          1    None
 Passwall                 Tmut/Erth      ######..     1%          2    None
 Sticks to Snakes         Tmut           #####...     1%          2    None
 Vampiric Draining        Necr           ####......   4%          3    None
 Spider Form              Tmut/Pois      ###.......   6%          3    None
 Irradiate                Conj/Tmut      #####.....   6%          5    #####..
 Apportation              Tloc           #.....       8%          1    None
 Corona                   Hex            #......      8%          1    None
 Summon Small Mammal      Summ           #...         8%          1    None
 Ignite Poison            Fire/Tmut/Pois ###.....     9%          3    None
 Ensorcelled Hibernation  Hex/Ice        #.....       11%         2    None
 Animate Dead             Necr           N/A          14%         4    ###....
 Ice Form                 Ice/Tmut       ###.....     19%         4    ###....
 Agony                    Necr           ####....     36%         5    #####..
 Alistair's Intoxication  Tmut/Pois      ###.....     47%         5    #####..
 Yara's Violent Unravell  Hex/Tmut       ###.......   47%         5    #####..
 Silence                  Hex/Air        #.........   90%         5    #####..
 Darkness                 Hex            #.........   100%        6    ######.
 Shadow Creatures         Summ           N/A          100%        6    ######.


Dungeon Overview and Level Annotations

Branches:
Dungeon (8/15)             Temple (0/1) D:6            Lair (6/6) D:8
  Swamp (0/4) Lair:2        Snake (0/4) Lair:4        Slime (0/5) Lair:5
  Sewer (visited)

Altars:
Ashenzari
Okawaru
Qazlal
Ru
Sif Muna
Wu Jian
Jiyva

Annotations:
D:6 Prince Ribbit
D:7 3 runed translucent doors, Remcycle's ghost, novice DsFi
Lair:2 1 runed translucent door, crub's ghost, journeyman GrFi
Lair:5 1 runed translucent door


Innate Abilities, Weirdness & Mutations

You are resistant to torment.
Your stone body is resilient. (AC +10)
You are immune to poison.
Your large and strong wings let you fly indefinitely.
You resist negative energy. (rN+)
You are resistant to electric shocks. (rElec)
You can survive without breathing.
You are immune to petrification.
You are immune to rotting.
You possess an exceptional clarity of mind.
Your muscles are strong. (Str +2)


Message History

Press: ? - help, v - describe, . - travel
Here: a fire dragon (water) Some deep water.
Casting: Borgnjor's Vile Clutch (safe; 6% risk of failure)
Confirm with . or Enter, or press ? or * to list all spells.
Aiming: Petrify (safe; 1% risk of failure)
Press: ? - help, Shift-Dir - straight line, f/p - fire dragon
Aim: a fire dragon (water, chance to defeat MR: 37%)
The fire dragon resists with some effort.
You are feeling hungry.
A swamp dragon comes into view.
Your basilisk skeleton bites the fire dragon but does no damage.
The fire dragon breathes flames at you. The blast of flame hits you!!
* * * LOW HITPOINT WARNING * * *
Your basilisk skeleton bites the fire dragon!
The fire dragon breathes flames at you. The blast of flame hits you!!!
Ouch! That really hurt!
You die...

♣.≈≈≈≈Z..♣♣♣ .≈≈≈≈≈≈≈...♣♣ ###
.≈≈≈≈≈D.≈...♣ #####.###
≈≈≈≈≈≈≈≈§≈P.♣#####.#......
≈≈≈≈≈≈P.PD§.♣#............
..P≈≈.♣.♣§≈≈♣#............
.$♣.♣♣♣♣♣§≈≈♣###....##..##
[/♣♣♣♣.♣§≈≈P♣ ##.#.##..P## ≈.♣
♣♣♣≈≈♣@.≈♣♣##.#.###..... .≈.♣
♣♣P≈≈≈≈.≈♣♣ #.....#.#.#.# ..≈≈♣
♣♣.≈≈...♣♣♣ #............
♣.P≈≈♣♣♣.≈≈....♣[♣ #.....##..###
♣.P≈≈.≈.≈♣P♣♣♣..♣♣##....###..###
♣..≈.P≈≈≈♣♣♣.....♣#...#.# ##..##
♣....P.†≈♣♣%P♣♣♣♣#...#.###.....
♣♣..♣.P♣≈≈≈♣♣♣♣♣♣..............
♣ ♣...♣♣.≈.♣♣≈.≈P[............


There were no monsters in sight!

Vanquished Creatures
  7 hydras
  A catoblepas (Lair:6)
  2 two-headed ogres (D:8)
  2 death yaks (Lair:5)
  Sonja (Lair:5)
  An ugly thing (D:8)
  17 elephants
  Maurice (D:8)
  5 black mambas
  10 spiny frogs
  4 rime drakes
  8 komodo dragons
  A polar bear (Lair:3)
  A queen bee (Lair:5)
  A troll (D:5)
  2 meliai (Lair:5)
  7 hippogriffs
  A human (D:8)
  23 yaks
  4 hogs (D:8)
  A steam dragon (Lair:6)
  2 vampire mosquitoes
  8 basilisks
  A hungry ghost (D:8)
  An acid dragon (Lair:6)
  15 water moccasins
  6 porcupines
  An orc warrior (D:7)
  A phantom (D:4)
  3 ice beasts
  A black bear (D:5)
  2 swamp drakes
  6 ogres
  3 centaurs
  9 wolves
  12 crocodiles
  4 big kobolds
  5 bullfrogs
  2 scorpions
  16 killer bees
  2 howler monkeys
  3 wights (D:7)
  4 crimson imps
  2 bullfrog zombies
  6 hounds
  2 jellies
  A centaur zombie (D:8)
  A quasit (D:7)
  3 orc priests
  5 orc wizards
  A bullfrog skeleton (D:8)
  3 iguanas
  9 worker ants
  8 gnolls
  14 adders
  2 river rats
  2 shadow imps
  5 oozes (Sewer)
  2 adder skeletons
  7 worms
  3 leopard geckos
  20 orcs
  A bat (D:2)
  5 giant cockroaches
  5 goblins
  6 hobgoblins
  3 quokkas
  6 ball pythons
  14 kobolds
  A leopard gecko skeleton (D:4)
  10 rats
  A fungus (Lair:5)
  2 plants
357 creatures vanquished.

Vanquished Creatures (collateral kills)
  A hydra (Lair:6)
  4 death yaks (Lair:5)
  An elephant (Lair:5)
  A komodo dragon (Lair:5)
  A meliai (Lair:5)
  8 yaks
  An insubstantial wisp (Lair:3)
  3 water moccasins
  2 porcupines
  A swamp drake (Lair:6)
  3 crocodiles
  A bullfrog (Lair:5)
  A killer bee (Lair:5)
  An iguana (Lair:6)
  A plant (Lair:5)
30 creatures vanquished.

Vanquished Creatures (others)
  23 fungi
  21 plants
44 creatures vanquished.

Grand Total: 431 creatures vanquished

Notes
Turn   | Place    | Note
-------+----------+-------------------------------------------
     0 | D:1      | Auros the Gargoyle Earth Elementalist began the quest for
                  | the Orb.
     0 | D:1      | Reached XP level 1. HP: 10/10 MP: 3/3
   442 | D:1      | Reached XP level 2. HP: 9/15 MP: 3/5
   561 | D:1      | Reached skill level 1 in Maces & Flails
   561 | D:1      | Reached skill level 4 in Earth Magic
  1210 | D:2      | Found an iron altar of Okawaru.
  1217 | D:2      | Became a worshipper of Warmaster Okawaru
  1241 | D:2      | Reached XP level 3. HP: 10/19 MP: 6/6
  1437 | D:2      | Learned a level 3 spell: Stone Arrow
  2132 | D:2      | Found an ornate altar of the Wu Jian Council.
  2182 | D:2      | You fall into a shaft and drop 2 floors!
  2234 | D:4      | Reached skill level 5 in Earth Magic
  2234 | D:4      | Reached XP level 4. HP: 20/24 MP: 0/7
  2429 | D:4      | Reached XP level 5. HP: 28/28 MP: 1/8
  2671 | D:4      | Found a glowing drain.
  2675 | Sewer    | Entered a sewer
  3032 | Sewer    | Noticed a big kobold
  3260 | Sewer    | Killed a big kobold
  3260 | Sewer    | Reached * piety under Okawaru
  3260 | Sewer    | Reached skill level 6 in Earth Magic
  3260 | Sewer    | Reached XP level 6. HP: 15/32 MP: 1/9
  4120 | Sewer    | Reached skill level 7 in Earth Magic
  4120 | Sewer    | Reached XP level 7. HP: 36/36 MP: 1/10
  4229 | Sewer    | Learned a level 4 spell: Petrify
  4270 | D:4      | Reached skill level 5 in Maces & Flails
  4270 | D:4      | Reached skill level 1 in Transmutations
  4388 | D:4      | Got a brightly glowing cloak
  4394 | D:4      | Identified the +1 cloak "Hyeno" {rN+ rCorr Int+2} (You
                  | found it on level 4 of the Dungeon)
  4641 | D:4      | Reached ** piety under Okawaru
  5481 | D:4      | Reached skill level 8 in Earth Magic
  5610 | D:5      | Entered Level 5 of the Dungeon
  5774 | D:4      | Reached XP level 8. HP: 31/41 MP: 5/11
  6444 | D:5      | Gained mutation: You possess an exceptional clarity of
                  | mind. [potion of mutation]
  6444 | D:5      | Gained mutation: Your muscles are strong. (Str +2) [potion
                  | of mutation]
  6445 | D:5      | HP: 2/41 [orc/+0 hand axe (1)]
  6449 | D:5      | Reached skill level 9 in Earth Magic
  6950 | D:5      | Reached skill level 10 in Earth Magic
  7102 | D:5      | Noticed a troll
  7118 | D:5      | Killed a troll
  7118 | D:5      | Reached skill level 1 in Fighting
  7118 | D:5      | Reached skill level 1 in Armour
  7118 | D:5      | Reached skill level 1 in Invocations
  7375 | D:5      | Reached *** piety under Okawaru
  7612 | D:5      | Reached XP level 9. HP: 46/47 MP: 2/12
  8281 | D:6      | Found a staircase to the Ecumenical Temple.
  9572 | D:7      | Learned a level 5 spell: Lee's Rapid Deconstruction
  9854 | D:7      | Got a faintly glowing wooden ring
  9891 | D:7      | Identified the ring "Sesyobb" {rPois Int+6} (You found it
                  | on level 7 of the Dungeon)
 10009 | D:7      | Found a runed translucent gate.
 10009 | D:7      | Found a runed translucent gate.
 10010 | D:7      | Found a runed translucent gate.
 10010 | D:7      | Noticed Remcycle's ghost (novice DsFi)
 10117 | D:7      | Noticed Prince Ribbit
 10819 | D:8      | Noticed a two-headed ogre
 10819 | D:8      | Noticed a death yak
 10819 | D:8      | Noticed a death yak
 10847 | D:8      | Killed a two-headed ogre
 10847 | D:8      | Reached **** piety under Okawaru
 10847 | D:8      | Reached skill level 11 in Earth Magic
 10847 | D:8      | Reached XP level 10. HP: 58/58 MP: 1/14
 10950 | D:8      | Noticed a death yak
 11182 | D:7      | Reached skill level 5 in Fighting
 11418 | D:8      | Reached ***** piety under Okawaru
 11664 | D:8      | Found a stormy altar of Qazlal.
 11664 | D:8      | Found a shattered altar of Ashenzari.
 11735 | D:8      | Noticed a two-headed ogre
 11750 | D:8      | Killed a two-headed ogre
 11750 | D:8      | Received a gift from Okawaru
 11789 | D:8      | Noticed a white ugly thing
 11802 | D:8      | Killed a white ugly thing
 11802 | D:8      | Received a gift from Okawaru
 12108 | D:8      | Reached skill level 12 in Earth Magic
 12226 | D:8      | Found a staircase to the Lair.
 12252 | D:8      | Found a sacrificial altar of Ru.
 12255 | D:8      | Found a shimmering blue altar of Sif Muna.
 12422 | D:8      | Noticed Maurice
 12559 | D:8      | Killed Maurice
 13019 | D:8      | Reached XP level 11. HP: 45/67 MP: 0/15
 13275 | Lair:1   | Entered Level 1 of the Lair of Beasts
 14602 | Lair:2   | Found a staircase to the Swamp.
 14609 | Lair:1   | Reached skill level 1 in Conjurations
 15138 | Lair:2   | Found a runed translucent door.
 15139 | Lair:2   | Noticed crub's ghost (journeyman GrFi)
 15279 | Lair:2   | Noticed a spriggan rider
 15279 | Lair:2   | Identified the +5 trident "Figiarr" {flame, rElec Stlth+}
 15279 | Lair:2   | Noticed a spriggan rider
 15285 | Lair:2   | Identified Sif Muna's Grimoire of Changing
 16556 | Lair:3   | Reached skill level 5 in Spellcasting
 16748 | Lair:2   | Reached skill level 5 in Conjurations
 17099 | Lair:3   | Got a smoking ruby amulet
 17100 | Lair:3   | Identified the amulet "Hotalar" {Spirit Stlth+} (You found
                  | it on level 3 of the Lair of Beasts)
 17526 | Lair:3   | Reached XP level 12. HP: 60/73 MP: 8/21
 17604 | Lair:3   | Learned a level 1 spell: Animate Skeleton
 18455 | Lair:3   | Received a gift from Okawaru
 20117 | Lair:3   | Reached skill level 1 in Necromancy
 20540 | Lair:4   | Got a translucent buckler
 20546 | Lair:4   | Identified the +2 buckler of Hentorug {rElec Regen+ Str-4
                  | Dex+5} (You found it on level 4 of the Lair of Beasts)
 20620 | Lair:4   | Found a staircase to the Snake Pit.
 20655 | Lair:4   | Upgraded the game from 0.25-a0-589-g1e14c54 to
                  | 0.25-a0-591-g2ad0d86
 20867 | Lair:5   | Found a runed translucent door.
 20869 | Lair:5   | Found a viscous altar of Jiyva.
 20869 | Lair:5   | Found a staircase to the Slime Pits.
 20896 | Lair:5   | Reached skill level 1 in Shields
 20907 | Lair:5   | Noticed a six-headed hydra
 21042 | Lair:5   | Received a gift from Okawaru
 21057 | Lair:5   | Killed a six-headed hydra
 21057 | Lair:5   | Reached XP level 13. HP: 52/78 MP: 13/25
 21733 | Lair:4   | Reached skill level 10 in Conjurations
 22081 | Lair:5   | Noticed Sonja
 22085 | Lair:5   | Killed Sonja
 22085 | Lair:5   | Reached skill level 5 in Transmutations
 22795 | Lair:6   | Entered Level 6 of the Lair of Beasts
 22807 | Lair:6   | Got a pair of warped boots
 22933 | Lair:6   | Identified the +1 pair of boots of Weightlessness {+Blink
                  | rElec rPois Int-4} (You found it on level 6 of the Lair of
                  | Beasts)
 22939 | Lair:6   | Learned a level 5 spell: Borgnjor's Vile Clutch
 23269 | Lair:5   | Reached skill level 5 in Shields
 23498 | Lair:5   | Reached skill level 1 in Unarmed Combat
 23498 | Lair:5   | Reached skill level 1 in Evocations
 23808 | Lair:6   | Received a gift from Okawaru
 23871 | Lair:6   | Reached ****** piety under Okawaru
 24528 | Lair:5   | Received a gift from Okawaru
 24750 | Lair:5   | Gained mutation: Your large and strong wings let you fly
                  | indefinitely. [Gargoyle growth]
 24750 | Lair:5   | Reached XP level 14. HP: 46/83 MP: 22/26
 25510 | Lair:6   | Learned a level 5 spell: Blade Hands
 25569 | Lair:6   | Killed from afar by a fire dragon

Levels and vault maps discovered:
D:1:      minmay_arrival_four_circles, layout_rooms, minmay_distorted
D:2:      layout_basic, marbit_many_paths, minmay_crystal_room,
          okawaru_metal_pillars_1_2
D:4:      layout_gridville, gup_sewer_entry_bowl, minmay_between
D:5:      layout_cave_pools, first_ration
D:6:      layout_loops_ring, minmay_temple_entry_junction,
          minmay_misc_feat_more_columns
D:7:      layout_rooms, gammafunk_ghost_necromancy, uniq_prince_ribbit1
D:8:      layout_basic, grunt_temple_overflow_open, dpeg_lair_monsters,
          roderic_lattice_a, grunt_livestock, uniq_maurice
Lair:1:   layout_concentric_octagons
Lair:2:   layout_cave_shapes, minmay_swamp_entry_reptiles,
          ebering_ghost_funeral_grove, st_stairs_8, wad_woods_03
Lair:3:   layout_small_grid
Lair:4:   layout_cave_shapes, minmay_snake_entry_six_corridors, pond
Lair:5:   layout_long_grid, slime_altar_2, special_room [special_room_bee],
          uniq_sonja
Lair:6:   wormcave, layout_regular_city, guppyfry_lair_end_dragon,
          serial_bayou_shore_a, grunt_megastairs_2

Skill      XL: |  1  2  3  4  5  6  7  8  9 10 11 12 13 14 |
---------------+-------------------------------------------+-----
Maces & Flails | 1 2 3 4 5 6 8 9 |  9.0
Earth Magic    | 4 5 6 7 8 10 11 12 | 12.7
Transmutations | 2 3 4 6 |  6.5
Fighting       | 1 4 7 |  7.8
Armour         | 1 3 |  3.0
Invocations    | 1 3 |  3.0
Dodging        | 2 3 |  3.0
Spellcasting   | 3 6 8 |  8.0
Conjurations   | 6 9 10 | 10.3
Necromancy     | 2 4 |  4.0
Shields        | 2 6 7 |  7.0
Unarmed Combat | 3 4 |  4.3
Evocations     | 3 |  3.9
Stealth        | |  2.2

Action                   |  1- 3 |  4- 6 |  7- 9 | 10-12 | 13-15 || total
-------------------------+-------+-------+-------+-------+-------++-------
Melee: Club              |    75 |       |       |       |       ||    75
       Unarmed           |     5 |       |       |       |       ||     5
       Whip              |    61 |   264 |   727 |       |       ||  1052
       Punch             |       |       |     1 |       |       ||     1
       Flail             |       |       |    44 |    89 |    56 ||   189
       Mace              |       |       |       |   421 |   127 ||   548
Throw: Stone             |       |     4 |     2 |       |       ||     6
       Dart              |       |       |       |     5 |     2 ||     7
 Cast: Sandblast         |     5 |     5 |     8 |    24 |    21 ||    63
       Stone Arrow       |     2 |    12 |    68 |   129 |    80 ||   291
       Petrify           |       |       |     6 |    14 |     7 ||    27
       Lee's Rapid Decon |       |       |     4 |    63 |    45 ||   112
       Animate Skeleton  |       |       |       |     6 |    30 ||    36
       Borgnjor's Vile C |       |       |       |       |     9 ||     9
Invok: Heroism           |       |       |    10 |    11 |     6 ||    27
       Finesse           |       |       |       |     1 |     1 ||     2
 Abil: Evoke Blink       |       |       |       |       |     1 ||     1
       Fly               |       |       |       |       |     1 ||     1
Evoke: Wand              |       |       |       |     4 |       ||     4
  Use: Scroll            |       |       |     8 |     3 |     5 ||    16
       Potion            |       |       |     3 |     1 |       ||     4
 Stab: Sleeping          |     5 |     3 |     1 |     1 |     1 ||    11
       Petrified         |       |       |    52 |    24 |     2 ||    78
       Petrifying        |       |       |     1 |       |       ||     1
       Distracted        |       |       |       |       |     3 ||     3
  Eat: Chunk             |     4 |     2 |    18 |    38 |    14 ||    76
       Ration            |       |     2 |     4 |     5 |     4 ||    15
Armor: Robe              |    26 |       |       |       |       ||    26
       Leather armour    |    19 |    79 |   283 |   436 |   158 ||   975
       Crystal plate arm |       |       |       |    24 |       ||    24
       Steam dragon scal |       |       |       |       |     8 ||     8
Dodge: Dodged            |    72 |   120 |   375 |   492 |   171 ||  1230
Block: Other             |       |       |       |    12 |       ||    12
       Buckler           |       |       |       |     7 |   176 ||   183

Table legend:
 A = Non-vault XP
 B = Vault XP
 C = Vault XP percentage of total XP
 D = Non-vault monster count
 E = Vault monster count
 F = Vault count percentage of total count
                 A         B        C        D         E       F
            +---------+---------+-------+---------+---------+-------
      Total |   47610 |   11535 |  19.5 |     277 |     106 |  27.7
            +---------+---------+-------+---------+---------+-------
        D:1 |      16 |       5 |  23.8 |      10 |       3 |  23.1
        D:2 |      53 |       1 |   1.9 |      14 |       1 |   6.7
        D:4 |     630 |      92 |  12.7 |      19 |       7 |  26.9
        D:5 |    1317 |       0 |   0.0 |      29 |       0 |   0.0
        D:6 |     488 |       0 |   0.0 |      10 |       0 |   0.0
        D:7 |    1205 |       0 |   0.0 |      28 |       0 |   0.0
        D:8 |    4013 |    1404 |  25.9 |      34 |       6 |  15.0
     Lair:1 |    2926 |     373 |  11.3 |      14 |       4 |  22.2
     Lair:2 |    5440 |     740 |  12.0 |      23 |       3 |  11.5
     Lair:3 |    5968 |    1124 |  15.8 |      29 |       6 |  17.1
     Lair:4 |    2647 |    1126 |  29.8 |       8 |      11 |  57.9
     Lair:5 |   17085 |    3757 |  18.0 |      45 |      24 |  34.8
     Lair:6 |    5822 |    2512 |  30.1 |      14 |      13 |  48.1
      Sewer |       0 |     401 | 100.0 |       0 |      28 | 100.0
            +---------+---------+-------+---------+---------+-------
